 Dungeon Crawl Stone Soup version 0.29-a0-886-gfb1a3fa8b1 (webtiles) character file.

Game seed: 16557817949395898617

9 BritishOli the Ducker (level 2, 22/22 HPs)
             Began as a Demonspawn Gladiator on July 21, 2022.
             Got out of the dungeon alive.
             The game lasted 00:00:26 (435 turns).

BritishOli the Ducker (Demonspawn Gladiator)         Turns: 435, Time: 00:00:26

Health: 22/22      AC:  4    Str: 14    XL:     2   Next: 6%
Magic:  2/2        EV: 12    Int:  9    God:
Gold:   0          SH:  0    Dex: 14    Spells: 1/1 levels left

rFire   . . .      SeeInvis .   a - +0 long sword
rCold   . . .      Faith    .   (no shield)
rNeg    . . .      Spirit   .   b - +0 leather armour
rPois   .          Reflect  .   c - +0 helmet
rElec   .          Harm     .   (no cloak)
rCorr   .          Rampage  .   (no gloves)
Will    .....                   (no boots)
Stlth   +.........              (no amulet)
HPRegen 0.07/turn               (no ring)
MPRegen 0.16/turn               (no ring)

@: no status effects
A: magic regeneration
a: no special abilities


You escaped.
You visited 1 branch of the dungeon, and saw 1 of its levels.

Inventory:

Hand Weapons
 a - a +0 long sword (weapon)
Missiles
 d - 3 throwing nets (quivered)
 e - a javelin
Armour
 b - a +0 leather armour (worn)
 c - a +0 helmet (worn)
Scrolls
 f - a scroll of identify {unknown}


   Skills:
 + Level 2.2 Fighting
 + Level 2.8 Long Blades
 + Level 2.0 Throwing
 + Level 2.8 Dodging


You had one spell level left.
You didn't know any spells.
Your spell library was empty.

Dungeon Overview and Level Annotations

Branches:
Dungeon (1/15)

Altars:


Innate Abilities, Weirdness & Mutations

You regenerate magic rapidly.


Message History

You kill the endoplasm!
Your Throwing skill increases to level 2!
Key pressed, stopping explore.
No target in view!
f - a scroll labelled KIYCAGUASO No target in view!
Key pressed, stopping explore.
No target in view!
Things that are here:
a +0 short sword; a stone; a kobold corpse A ball python and a rat come into view.
Found a scroll labelled VAMAQO EKKUTA.
The ball python hisses angrily.
The ball python moves out of view.
The rat moves out of view.
No target in view!
No target in view!
No target in view!
The ball python bites you but does no damage.
The ball python grabs you. The ball python constricts you.
A ball python is nearby!
You barely miss the ball python. The ball python closely misses you.
The ball python constricts you.
There are monsters nearby!
You closely miss the ball python. The ball python barely misses you.
The ball python constricts you. The rat closely misses you.
The ball python completely misses you. The ball python constricts you.
You slash the ball python!
You kill the ball python!
The rat misses you.
You have reached level 2!
Your demonic ancestry asserts itself...
Your magic begins to regenerate rapidly.
You hit the rat.
You kill the rat!
No target in view!
No target in view!
You see here a rat skeleton.
There is a staircase leading out of the dungeon here.
Are you sure you want to leave the Dungeon?
This will make you lose the game!
You have escaped!

## # ...## ##
......#################.
.......@................
####...>.########.......
###......##....######
###.##........##
#..###..###..####
.......## ##...รท.
###.##### ###### .. # ##
#


There were no monsters in sight!

Vanquished Creatures
  A dart slug (D:1)
  A ball python (D:1)
  2 endoplasms (D:1)
  A frilled lizard (D:1)
  A kobold (D:1)
  2 rats (D:1)
8 creatures vanquished.

Notes
Turn   | Place    | Note
-------+----------+-------------------------------------------
     0 | D:1      | BritishOli the Demonspawn Gladiator began the quest for the
                  | Orb.
     0 | D:1      | Reached XP level 1. HP: 16/16 MP: 1/1
   406 | D:1      | Gained mutation: You regenerate magic rapidly. [demonic
                  | ancestry]
   406 | D:1      | Reached XP level 2. HP: 20/22 MP: 2/2
   435 | D:$      | Got out of the dungeon alive.

Illustrated notes

Levels and vault maps discovered:
D:1:      dpeg_arrival_tiny_a, layout_rooms, serial_shops, shop

Skill      XL: |  1 |
---------------+----+-----
Throwing       | 2 |  2.0
Fighting       | |  2.2
Long Blades    | |  2.8
Dodging        | |  2.8

Action                   || total
-------------------------++-------
Melee: Long sword        ||    18
Armor: Leather armour    ||     1
Dodge: Dodged            ||    12

Table legend: (Time is in decaauts)
 A = Elapsed time spent in this place.
 B = Non-inter-level travel time spent in this place.
 C = Inter-level travel time spent in this place.
 D = Time resting spent in this place.
 E = Time spent auto-exploring this place.
 F = Levels seen in this place.
 G = Mean time per level.
                   A        B        C        D        E       F      G
               +--------+--------+--------+--------+--------+-----+--------+
         Total |    439 |    409 |     30 |      0 |    365 |   1 |  439.0 |
       Dungeon |    439 |    409 |     30 |      0 |    365 |   1 |  439.0 |
               +--------+--------+--------+--------+--------+-----+--------+

Top non-repeatable levels by time:
     D:1: 439 daAuts
